 Dungeon Crawl Stone Soup version 0.25.0-37-gb73750e0fb (webtiles) character file.

Game seed: 18301629298204530359

(classic levelgen) 4 EnegeticOcto the Shield-Bearer (level 1, 20/20 HPs)
             Began as a Deep Dwarf Fighter on July 8, 2020.
             Quit the game on level 1 of the Dungeon.
             The game lasted 00:00:43 (141 turns).

EnegeticOcto the Shield-Bearer (Deep Dwarf Fighter)  Turns: 141, Time: 00:00:44

Health: 20/20      AC:  6    Str: 19    XL:     1   Next: 50%
Magic:  1/1        EV:  7    Int:  8    God:
Gold:   1          SH:  9    Dex: 12    Spells: 0/0 levels left

rFire    . . .     SeeInvis .   a - +0 war axe
rCold    . . .     Gourm    .   c - +0 kite shield
rNeg     . . .     Faith    .   b - +0 scale mail
rPois    .         Spirit   .   (no helmet)
rElec    .         Reflect  .   (no cloak)
rCorr    .         Harm     .   (no gloves)
MR       .....                  (no boots)
Stlth    ..........             (no amulet)
HPRegen  0.00/turn              (no ring)
MPRegen  0.07/turn              (no ring)

@: non-regenerating
A: damage resistance, heal wounds, sense surroundings 1, no regeneration
a: Heal Wounds


You were on level 1 of the Dungeon.
You were not hungry.

You visited 1 branch of the dungeon, and saw 1 of its levels.

You collected 1 gold pieces.

Inventory:

Hand Weapons
 a - a +0 war axe (weapon)
Armour
 b - a +0 scale mail (worn)
 c - a +0 kite shield (worn)
Scrolls
 g - a scroll of identify {unknown}
Potions
 d - a potion of might {@q3 !q}
 f - a potion of curing {unknown}
Comestibles
 e - a ration


   Skills:
 - Level 2.6 Fighting
 + Level 2.6 Axes
 - Level 3.2 Armour
 - Level 3.2 Shields


You couldn't memorise any spells.
You didn't know any spells.
Your spell library was empty.

Dungeon Overview and Level Annotations

Branches:
Dungeon (1/15)

Altars:


Innate Abilities, Weirdness & Mutations

You are resistant to damage.
You can heal yourself by infusing magical energy.
You passively map a small area around you.
You do not regenerate.


Message History

Welcome, EnegeticOcto the Deep Dwarf Fighter.
The bosom of this dungeon contains the transcendent artefact, the Orb of Zot.
Press ? for a list of commands and other information.
Found a staircase leading out of the dungeon.
Unknown command.
You open the door.
There is an open door here.
A kobold comes into view.
The kobold shouts!
Found a lumpy red potion.
The kobold hits you. The kobold hits you but does no damage.
The kobold closely misses you.
You see here a lumpy red potion.
f - a lumpy red potion The kobold hits you but does no damage.
You hit the kobold.
You kill the kobold!
You open the door.
There is an open door here.
A kobold comes into view. It is wielding a +0 club.
The kobold shouts!
You block the kobold's attack. You block the kobold's attack.
The kobold closely misses you.
A bat comes into view.
The bat completely misses you.
Found a scroll labeled TUASAD JILIGETU.
The bat hits you but does no damage. You block the bat's attack.
The bat barely misses you. The bat hits you.
The bat hits you but does no damage. The kobold completely misses you.
The bat hits you but does no damage.
Found a gold piece and a leather armour.
You block the bat's attack. The bat barely misses you.
You block the bat's attack. You block the bat's attack.
You see here a scroll labeled TUASAD JILIGETU.
g - a scroll labeled TUASAD JILIGETU The kobold hits you but does no damage.
You block the bat's attack.
You closely miss the bat. You hit the kobold. The bat barely misses you.
The kobold hits you but does no damage. The bat hits you but does no damage.
You miss the bat. You slash the kobold!
You kill the kobold!
The bat barely misses you. The bat hits you but does no damage.
You closely miss the bat. You block the bat's attack.
The bat hits you but does no damage. The bat barely misses you.
The bat hits you but does no damage. The bat hits you but does no damage.
You block the bat's attack. x2
You see here a gold piece.
You now have 1 gold piece.
You block the bat's attack. The bat closely misses you.
The bat hits you but does no damage. You block the bat's attack.
A leopard gecko comes into view.
The bat closely misses you. You block the bat's attack.
The bat hits you but does no damage.
You hit the leopard gecko.
You kill the leopard gecko!
The bat hits you but does no damage. You block the bat's attack.
You block the bat's attack. The bat barely misses you.
The bat hits you but does no damage.
Are you sure you want to abandon this character and quit the game? (Confirm with "yes".)

.# * * .# * * , * *.#
..# ,, * * ####.#....#
#.#+# * .....#.....
,#.#.# ,* ..........#
#.#.## * ..........#
#.#.. * # , ,
..........# #.#.###.#,
..........####..@....#
,
.).................###,
, .......#+#........b#
.......# +.........# *,
, .......###.........#
*, .......[##.........#
, .####....#.........#,
.#...............###
.#.##.#..####.##.#


You could see a bat.

Vanquished Creatures
  A leopard gecko (D:1)
  2 kobolds (D:1)
3 creatures vanquished.

Notes
Turn   | Place    | Note
-------+----------+-------------------------------------------
     0 | D:1      | EnegeticOcto the Deep Dwarf Fighter began the quest for the
                  | Orb.
     0 | D:1      | Reached XP level 1. HP: 20/20 MP: 1/1
   141 | D:1      | Quit the game

Illustrated notes

Levels and vault maps discovered:
D:1:      dpeg_arrival_rooms_c, layout_basic

Action                   || total
-------------------------++-------
Melee: War axe           ||     5
Armor: Scale mail        ||    15
Dodge: Dodged            ||    12
Block: Kite shield       ||    15
